Map: Frozen Temple

Players

Miszu - Winner!

  • Race: Terran Terran
  • League: Master

Chabby

  • Race: Protoss Protoss
  • League: Grandmaster

VOD

Have the link to the VOD?

Description

Time

  • Played on: April 25, 2016, 4:14 p.m.
  • Length: 18:24
Show
View Real Time Build Order
Export as new Build Order

Miszu Terran - Winner!

Build Orders: Command Center First (CC) 

Get SALT Encoding   

  12  0:01  SCV  
  13  0:13  SCV  
  14  0:17  Supply Depot  
  14  0:25  SCV  
  15  0:39  SCV  
  16  0:51  SCV  
  17  1:01  Command Center  
  17  1:05  SCV  
  18  1:17  SCV  
  19  1:19  Barracks  
  19  1:29  SCV  
  19  1:32  Barracks  
  20  1:41  SCV  
  20  1:46  Barracks  
  21  1:53  SCV  
  22  2:08  Marine, Orbital Command  
  23  2:13  Orbital Command  
  23  2:21  Bunker  
  23  2:22  Marine  
  24  2:27  Marine  
  25  2:33  Marine  
  26  2:40  Marine  
  26  2:41  Supply Depot  
  26  2:45  Marine  
  26  2:51  Marine  
  28  2:57  Marine  
  29  2:59  Refinery  
  29  3:00  Refinery  
  29  3:01  SCV  
  29  3:03  Marine  
  31  3:08  Supply Depot, Marine  
  32  3:15  Engineering Bay, Marine  
  33  3:21  Marine  
  33  3:26  Marine  
  34  3:36  Barracks Tech Lab  
  34  3:39  Marine  
  34  3:42  Missile Turret  
  34  3:44  Marine  
  34  3:56  Marine  
  34  3:59  Marine  
  34  4:01  Stimpack  
  34  4:02  Marine  
  36  4:04  SCV x2  
  38  4:12  Factory  
  38  4:14  Marine  
  38  4:16  SCV  
  38  4:17  Marine  
  40  4:20  Marine  
  40  4:21  SCV  
  43  4:28  SCV  
  44  4:32  Marine  
  44  4:33  SCV  
  44  4:34  Marine  
  44  4:37  Marine  
  48  4:41  Missile Turret  
  48  4:42  SCV  
  48  4:45  SCV  
  50  4:50  Terran Infantry Weapons Level 1  
  50  4:54  SCV  
  50  4:57  SCV  
  51  5:02  Barracks Reactor  
  51  5:03  Starport  
  51  5:04  Factory Reactor  
  51  5:06  SCV  
  52  5:09  SCV  
  53  5:17  Supply Depot  
  53  5:19  SCV  
  54  5:25  Barracks Tech Lab  
  54  5:29  Supply Depot  
  54  5:38  SCV  
  54  5:39  SCV  
  56  5:50  Barracks  
  56  5:51  SCV x2, Factory Reactor  
  56  5:52  Barracks  
  56  5:56  Refinery  
  58  6:03  SCV x2  
  60  6:05  Medivac x2  
  60  6:09  Supply Depot  
  64  6:13  Marauder  
  64  6:15  SCV x2  
  64  6:17  Marauder  
  70  6:30  Widow Mine x2, Concussive Shells  
  70  6:31  SCV x2  
  76  6:34  Marauder  
  76  6:37  Supply Depot  
  78  6:42  Refinery  
  78  6:50  Barracks Reactor, Barracks Tech Lab  
  78  6:55  Supply Depot  
  78  6:59  Marine x2, Medivac, Marauder, SCV x2  
  86  7:07  Supply Depot  
  86  7:16  Marine x3  
  86  7:17  Marauder, SCV x2  
  93  7:24  Supply Depot  
  93  7:27  Marine  
  93  7:28  Marine, Widow Mine x2  
  93  7:29  Marauder, SCV x2  
  93  7:34  Marine  
  92  7:43  Marine x2, Marauder  
  77  7:48  Marine x2  
  77  7:50  Marauder  
  81  7:52  Marine  
  82  8:01  Marine x2  
  82  8:04  Marine  
  85  8:06  Marine x2, Command Center  
  85  8:08  Widow Mine  
  85  8:10  Marine  
  85  8:12  Marauder  
  92  8:15  Medivac  
  92  8:16  Medivac  
  92  8:18  Marine  
  92  8:19  Marauder  
  99  8:22  Marauder  
  101  8:32  Marine  
  101  8:33  Marauder, Widow Mine  
  106  8:36  Liberator  
  106  8:41  Marauder  
  108  8:44  Marauder  
  108  8:47  Marine  
  104  8:54  Marauder  
  107  9:08  Marine  
  107  9:09  Marauder  
  101  9:10  Marauder  
  101  9:15  Liberator  
  101  9:16  Marauder  
  83  9:18  Marine  
  83  9:19  Liberator  
  71  9:31  Marauder x2  
  72  9:35  Orbital Command  
  66  9:39  Marine  
  61  9:52  Marauder  
  64  9:53  Marauder  
  64  9:56  Marine  
  64  9:57  Marine  
  57  10:14  Marauder x2  
  44  10:56  SCV x2  
  42  11:06  SCV  
  42  11:09  SCV  
  42  11:10  SCV  
  44  11:21  SCV, Orbital Command  
  44  11:22  SCV  
  44  11:34  SCV  
  44  11:39  Marine x3  
  37  12:46  Orbital Command  
  33  13:34  SCV  
  34  13:36  Orbital Command x2  
  34  13:46  SCV  
  35  13:48  Marine x3  
  35  13:49  Widow Mine  
  35  13:54  Orbital Command  
  37  14:08  Orbital Command  
  36  14:10  Orbital Command  
  35  14:17  Widow Mine  
  37  14:26  SCV  
  39  14:38  SCV  
  37  15:07  Orbital Command  
  37  15:08  Widow Mine, Orbital Command  
  39  15:17  SCV  
  37  15:29  SCV  
  35  15:39  Starport  
  35  15:41  SCV  
  36  15:50  SCV  
  36  15:52  SCV  
  36  15:53  SCV  
  39  16:01  Refinery  
  39  16:02  SCV  
  40  16:04  SCV  
  40  16:05  SCV  
  42  16:16  SCV  
  42  16:17  SCV  
  42  16:27  Orbital Command  
  42  16:30  SCV  
  43  16:36  Starport Tech Lab  
  43  16:38  SCV  
  44  16:42  SCV  
  45  17:01  Refinery  
  45  17:03  Supply Depot  
  45  17:09  SCV  
  45  17:12  SCV, Banshee  
  45  17:21  SCV  
  45  17:24  SCV  
  45  17:27  SCV  
  47  17:34  SCV  
  44  17:38  Marine x2  
  44  17:39  Marine  
  47  17:45  Orbital Command  
  47  17:46  SCV  
  47  17:51  Supply Depot  
  48  17:56  Marine x2  
  53  18:01  Marine  
Show
View Real Time Build Order
Export as new Build Order

Chabby Protoss 

Build Orders: Oracle Opening 

Get SALT Encoding   

  12  0:01  Probe (Chrono Boost)  
  13  0:11  Probe (Chrono Boost)  
  14  0:19  Pylon  
  14  0:22  Probe (Chrono Boost)  
  15  0:37  Probe (Chrono Boost)  
  15  0:38  Gateway  
  16  0:44  Assimilator  
  16  0:48  Probe (Chrono Boost)  
  17  0:53  Assimilator  
  17  0:58  Probe (Chrono Boost)  
  18  1:09  Probe (Chrono Boost)  
  19  1:19  Probe (Chrono Boost)  
  19  1:25  Cybernetics Core  
  20  1:30  Probe (Chrono Boost)  
  20  1:31  Pylon  
  21  1:40  Probe (Chrono Boost)  
  22  1:51  Probe (Chrono Boost)  
  23  2:02  Stargate, Probe (Chrono Boost)  
  23  2:05  Warp Gate  
  24  2:12  Mothership Core (Chrono Boost)  
  26  2:39  Nexus  
  26  2:45  Oracle (Chrono Boost)  
  26  2:50  Pylon  
  29  2:53  Probe  
  30  3:01  Pylon  
  30  3:05  Probe  
  31  3:17  Oracle (Chrono Boost), Probe  
  35  3:30  Probe  
  36  3:39  Twilight Council  
  36  3:40  Assimilator  
  36  3:42  Probe  
  37  3:49  Gateway  
  40  4:05  Probe  
  40  4:06  Probe  
  40  4:09  Robotics Facility  
  39  4:10  Resonating Glaives (Chrono Boost)  
  39  4:16  Probe  
  39  4:18  Probe  
  41  4:26  Adept, Probe  
  41  4:30  Probe  
  45  4:37  Probe  
  45  4:42  Probe  
  45  4:45  Gateway  
  47  4:47  Gateway, Probe  
  48  4:54  Probe  
  48  4:59  Probe  
  49  5:02  Adept  
  49  5:03  Adept  
  54  5:10  Immortal (Chrono Boost)  
  58  5:15  Probe  
  58  5:18  Pylon  
  58  5:20  Probe  
  60  5:27  Gateway  
  60  5:28  Probe  
  61  5:31  Templar Archives  
  61  5:33  Probe  
  62  5:43  Adept x2  
  62  5:48  Immortal (Chrono Boost)  
  62  5:49  Assimilator  
  70  6:01  Psionic Storm  
  70  6:09  Probe (Chrono Boost)  
  70  6:10  Pylon  
  70  6:11  Pylon, Probe (Chrono Boost)  
  69  6:19  Probe  
  70  6:28  Nexus, Probe  
  71  6:33  High Templar x3  
  77  6:41  Probe  
  78  6:49  Pylon  
  78  6:51  Pylon  
  78  6:58  Gateway x2  
  78  7:07  Probe x2  
  78  7:08  High Templar, Immortal (Chrono Boost)  
  86  7:09  High Templar  
  86  7:10  Adept x2  
  86  7:12  Adept  
  94  7:21  Assimilator  
  94  7:27  Pylon  
  94  7:37  Probe x2  
  94  7:41  Warp Prism (Chrono Boost)  
  86  7:47  High Templar  
  86  7:48  High Templar  
  86  7:49  Probe  
  86  7:51  High Templar, Probe  
  93  7:52  Probe  
  95  7:59  Adept x2, Assimilator  
  95  8:01  Probe  
  95  8:02  Probe  
  101  8:07  Forge, Probe  
  101  8:09  Gateway  
  101  8:10  Adept  
  101  8:11  Gateway  
  105  8:13  Observer (Chrono Boost)  
  105  8:15  Probe  
  106  8:24  Adept  
  106  8:25  High Templar  
  110  8:27  Adept  
  103  8:37  Adept x4  
  83  8:57  High Templar x2, Adept  
  83  8:58  Adept x2  
  83  9:16  Archon  
  73  9:22  High Templar  
  73  9:29  Adept x2  
  73  9:30  Adept x2  
  74  9:31  Probe  
  74  9:33  Photon Cannon, Probe  
  76  9:42  Probe  
  76  9:45  Probe  
  78  9:47  Adept x2  
  78  10:12  High Templar x2  
  48  10:43  Probe x2  
  50  10:58  High Templar  
  50  11:03  Probe  
  53  11:04  Cybernetics Core  
  53  11:10  Probe  
  54  11:18  Probe  
  55  11:26  Probe  
  51  11:57  Stalker  
  28  17:22  Archon  
Tags
 
Add a new tag
Caveats
  • Supply blocks, unpowered buildings, or Contaminate may cause inaccurate times.
  • Supply counts are checked every 10 seconds.